 Dungeon Crawl Stone Soup version 0.32-a0-599-gba8f9cf90e (webtiles) character file.

Game seed: 17406318289824540736

81 cforsyth the Grave Robber (level 4, -2/36 HPs)
             Began as a Mountain Dwarf Necromancer on Mar 2, 2024.
             Slain by Grinder (6 damage)
             ... on level 4 of the Dungeon.
             The game lasted 00:03:29 (2307 turns).

cforsyth the Grave Robber (MDNe)                    Turns: 2307, Time: 00:03:29

Health: -2/36      AC:  8    Str: 10    XL:     4   Next: 19%
Magic:  6/6        EV:  5    Int: 18    God:
Gold:   71         SH:  0    Dex: 10    Spells: 5/6 levels left

rFire   . . .        e - +0 hand axe
rCold   . . .        (no shield)
rNeg    . . .        d - +0 chain mail
rPois   .            (no helmet)
rElec   .            (no cloak)
rCorr   .            (no gloves)
SInv    .            (no boots)
Will    .....        (no amulet) Stlth
                     (no ring)
HPRegen 0.26/turn    (no ring)
MPRegen 0.10/turn

%: no passive effects
@: mighty, silenced
A: runic magic, artefact enchanting
a: no special abilities


You were on level 4 of the Dungeon.
You visited 1 branch of the dungeon, and saw 4 of its levels.

You collected 101 gold pieces.
You spent 30 gold pieces at shops.


Innate Abilities, Weirdness & Mutations

Your spellcasting is much less encumbered by armour.
You can use scrolls of enchantment on lesser artefacts.


   Skills:
 + Level 1.8 Fighting
 + Level 2.1 Axes
 + Level 1.9 Armour
 - Level 1.3 Dodging
 - Level 1.4 Stealth
 - Level 1.7 Spellcasting
 + Level 4.9 Necromancy


You had 5 spell levels left.
You knew the following spells:

 Your Spells              Type           Power      Damage    Failure   Level
X - Necrotise             Necr           76%        1d7       6%          1

Your spell library contained the following spells:

 Spells                   Type           Power      Damage    Failure   Level
 Vampiric Draining        Necr           19%        2d7       19%         3
 Magic Dart               Conj           4%         1d3       43%         1
 Animate Dead             Necr           19%        N/A       52%         4
 Searing Ray              Conj           2%         2d4       56%         2
 Curse of Agony           Necr           19%        N/A       86%         5
 Fulminant Prism          Conj/Alch      0%         3d5       99%         4

Inventory:

Hand Weapons
 e - a +0 hand axe (weapon)
Armour
 d - a +0 chain mail (worn)
 l - a +0 helmet
Scrolls
 i - a scroll of identify {unknown}
 j - a scroll of fog {unknown}
Potions
 a - a potion of degeneration {unknown}
 b - a potion of magic
 c - 2 potions of attraction {unknown}
 f - a potion of might
 g - 2 potions of curing {@q1}
 k - a potion of heal wounds {unknown}
 n - a potion of berserk rage {unknown}

Dungeon Overview and Level Annotations

Branches:
Dungeon (4/15)
 Temple: D:4-7

Altars:

Shops:
D:2 !

Annotations:
D:4 Grinder

#########
#........
#@#
#5.......
#.#######
#.# #.#
..# #..
#.#


You could see Grinder (unsilenced).


Message History

You barely resist. You barely miss Grinder. Grinder hits you.
You writhe in agony.
It was a potion of might.
You feel very mighty all of a sudden. Grinder gestures at you.
You suddenly lose the ability to move!
Grinder hits you. x2
* * * LOW HITPOINT WARNING * * *
Grinder hits you but does no damage. Grinder hits you.
* * * LOW HITPOINT WARNING * * *
You writhe in agony.
* * * LOW HITPOINT WARNING * * *
You can move again.
Unknown command.
You hit Grinder.
Grinder is lightly wounded.
Grinder gestures at you. Pain shoots through your body!
* * * LOW HITPOINT WARNING * * *
Grinder hits you but does no damage.
Unknown command.
Unknown command.
Unknown command.
You slash Grinder!
Grinder is moderately wounded.
Grinder hits you.
* * * LOW HITPOINT WARNING * * *
You writhe in agony.
You die...

Skill      XL: |  1  2  3 |
---------------+----------+-----
Fighting       | 1 |  1.8
Axes           | 1 2 |  2.1
Armour         | 1 |  1.9
Dodging        | |  1.3
Stealth        | |  1.4
Spellcasting   | |  1.7
Necromancy     | |  4.9

Action                     |  1- 3 |  4- 6 || total
---------------------------+-------+-------++-------
  Melee: Hand axe          |    32 |    17 ||    49
         Unarmed           |     1 |       ||     1
   Cast: Necrotise         |    77 |     8 ||    85
    Use: Scroll            |       |     2 ||     2
         Potion            |       |     1 ||     1
 Armour: Skin              |    14 |       ||    14
         Robe              |     1 |       ||     1
         Chain mail        |    62 |    24 ||    86
  Dodge: Dodged            |    29 |     4 ||    33

Levels and vault maps discovered:
D:1:      heliophobic_arrival_dark_side_of_the_moon, layout_loops_ring,
          shapermc_ecumenical_altar_starsandcircs, grunt_decor_one_mirror
D:2:      layout_rooms, serial_shops, nicolae_shop_industrial_runoff, uniq_robin
D:3:      minmay_octagon_keep, layout_basic, serial_shops,
          nicolae_shop_gibbet_a_chance, minivault_4, uniq_ijyb
D:4:      layout_loops_ring, lemuel_doored_altar, mainiacjoe_overflow_chevrons,
          portal_sewer_entry_f, gammafunk_ghost_icy, uniq_grinder,
          uniq_menkaure, uniq_sigmund, uniq_eustachio

Notes
Turn   | Place    | Note
-------+----------+-------------------------------------------
     0 | D:1      | cforsyth the Mountain Dwarf Necromancer began the quest for
                  | the Orb.
     0 | D:1      | Reached XP level 1. HP: 14/14 MP: 3/3
   429 | D:1      | Reached XP level 2. HP: 18/22 MP: 1/4
   565 | D:1      | Found a faded altar of an unknown god.
   601 | D:1      | Reached skill level 1 in Fighting
   623 | D:1      | Reached skill level 1 in Axes
   720 | D:1      | Reached skill level 1 in Armour
  1116 | D:1      | Reached XP level 3. HP: 24/28 MP: 0/5
  1328 | D:2      | Found Puef's Distillery.
  1389 | D:2      | Bought a potion of curing for 30 gold pieces
  1656 | D:2      | Noticed Robin
  1943 | D:1      | Killed Robin
  1944 | D:1      | Reached skill level 2 in Axes
  1944 | D:1      | Reached XP level 4. HP: 21/36 MP: 0/6
  2291 | D:3      | You fall into a shaft and drop 1 floor!
  2296 | D:4      | Noticed Grinder
  2301 | D:4      | Paralysed by Grinder for 5 turns
  2307 | D:4      | Slain by Grinder

Vanquished Creatures
  Robin (D:1)
  A ribbon worm (D:2)
  2 dart slugs (D:1)
  2 endoplasms (D:2)
  3 giant cockroaches
  10 goblins
  8 hobgoblins
  6 jackals (D:1)
  4 kobolds
  4 ball pythons
  6 bats
  3 frilled lizards (D:1)
  4 rats
54 creatures vanquished.

Vanquished Creatures (collateral kills)
  A ball python (D:1)
  A frilled lizard (D:2)
  A rat (D:2)
3 creatures vanquished.

Grand Total: 57 creatures vanquished

Table legend: (Time is in decaauts)
 A = Elapsed time spent in this place.
 B = Non-inter-level travel time spent in this place.
 C = Inter-level travel time spent in this place.
 D = Time resting spent in this place.
 E = Time spent auto-exploring this place.
 F = Levels seen in this place.
 G = Mean time per level.
                   A        B        C        D        E       F      G
               +--------+--------+--------+--------+--------+-----+--------+
         Total |   2323 |   2311 |     12 |     92 |   1805 |   4 |  580.8 |
       Dungeon |   2323 |   2311 |     12 |     92 |   1805 |   4 |  580.8 |
               +--------+--------+--------+--------+--------+-----+--------+

Top non-repeatable levels by time:
     D:1: 1358 daAuts
     D:2: 838 daAuts
     D:3: 109 daAuts
     D:4: 16 daAuts

Table legend:
 A = Non-vault XP
 B = Vault XP
 C = Vault XP percentage of total XP
 D = Non-vault monster count
 E = Vault monster count
 F = Vault count percentage of total count
                 A         B        C        D         E       F
            +---------+---------+-------+---------+---------+-------
      Total |      80 |      36 |  31.0 |      46 |      11 |  19.3
            +---------+---------+-------+---------+---------+-------
        D:1 |      42 |      28 |  40.0 |      24 |       7 |  22.6
        D:2 |      34 |       8 |  19.0 |      20 |       4 |  16.7
        D:3 |       4 |       0 |   0.0 |       2 |       0 |   0.0
            +---------+---------+-------+---------+---------+-------
